 Dungeon Crawl Stone Soup version 0.26-b1-32-g5d43845318 (webtiles) character file.

Game seed: 7687107468327528541

50 jmlagarto the Cutter (level 4, -9/31 HPs)
             Began as a Halfling Abyssal Knight on Jan 11, 2021.
             Was a Believer of Lugonu.
             Mangled by an iguana (12 damage)
             ... on level 2 of the Dungeon.
             The game lasted 00:05:02 (1648 turns).

jmlagarto the Cutter (Halfling Abyssal Knight)      Turns: 1648, Time: 00:05:03

Health: -9/31      AC:  5    Str: 14    XL:     4   Next: 4%
Magic:  5/5        EV: 10    Int: 10    God:    Lugonu [**....]
Gold:   53         SH:  7    Dex: 13    Spells: 3/3 levels left

rFire    . . .     SeeInvis .   a - +3 short sword
rCold    . . .     Faith    .   l - +0 kite shield
rNeg     . . .     Spirit   .   h - +0 ring mail
rPois    .         Reflect  .   (no helmet)
rElec    .         Harm     .   (no cloak)
rCorr    .         Rampage  .   (no gloves)
Will     .....                  (no boots)
Stlth    +.........             (no amulet)
HPRegen  0.10/turn              (no ring)
MPRegen  0.09/turn              (no ring)

@: no status effects
A: small, mutation resistance 1
a: Renounce Religion, Depart the Abyss, Bend Space


You were on level 2 of the Dungeon.
You worshipped Lugonu.
Lugonu was pleased with you.
You visited 1 branch of the dungeon, and saw 2 of its levels.
You visited the Abyss 1 time.

You collected 53 gold pieces.

Inventory:

Hand Weapons
 a - a +3 short sword (weapon)
 n - a +1 short sword of protection
Missiles
 d - 32 arrows
 k - 12 poisoned darts (quivered)
 m - 7 boomerangs
Armour
 h - a +0 ring mail (worn)
 l - a +0 kite shield (worn)
Potions
 e - a potion of heal wounds {unknown}
 f - 2 potions of magic
 g - 2 potions of curing {unknown}
 i - a potion of mutation {unknown}
 j - a potion of attraction {unknown}


   Skills:
 + Level 3.2 Fighting
 + Level 3.4 Short Blades
 + Level 2.6 Armour
 + Level 1.3 Dodging
 + Level 0.2 Stealth
 + Level 2.2 Invocations


You had 3 spell levels left.
You didn't know any spells.
Your spell library was empty.

Dungeon Overview and Level Annotations

Branches:
Dungeon (2/15)

Altars:
Ashenzari
Hepliaklqana


Innate Abilities, Weirdness & Mutations

You are small and have problems with some larger weapons.
You are somewhat resistant to further mutation.


Message History

You closely miss the iguana. The iguana bites you!
You hit the iguana but do no damage.
The iguana bites you but does no damage.
You hit the iguana.
The iguana is lightly wounded.
The iguana bites you.
You hit the iguana.
The iguana is moderately wounded.
The iguana bites you but does no damage.
You hit the iguana.
The iguana is heavily wounded.
The iguana bites you.
You hit the iguana.
The iguana is almost dead.
The iguana bites you!
* * * LOW HITPOINT WARNING * * *
You closely miss the iguana.
The iguana is almost dead.
The iguana bites you!
You die...

######## #...##..
####...##.#
#......##.#
#..[)..##l#
#......##@#
#......##.#####
#...........[.#
###########....#.###.#
)..................>.#
##############.#.#.#.
...# #.#.#.# ##.#
#.#.# # #.#########
#.#.#


You could see an iguana.

Vanquished Creatures
  A leopard gecko (D:2)
  2 giant cockroaches
  8 goblins
  4 hobgoblins (D:1)
  8 jackals (D:2)
  5 kobolds
  7 bats
  4 frilled lizards
  6 rats
45 creatures vanquished.

Notes
Turn   | Place    | Note
-------+----------+-------------------------------------------
     0 | Abyss:1  | jmlagarto the Halfling Abyssal Knight began the quest for
                  | the Orb.
     0 | Abyss:1  | Reached XP level 1. HP: 15/15 MP: 2/2
    19 | D:1      | Escaped the Abyss
    65 | D:1      | Found a broken altar of Ashenzari.
   235 | D:1      | Reached XP level 2. HP: 11/20 MP: 3/3
   778 | D:1      | Reached ** piety under Lugonu
   851 | D:1      | Reached XP level 3. HP: 26/26 MP: 4/4
  1414 | D:2      | Found a hazy altar of Hepliaklqana.
  1635 | D:2      | Reached XP level 4. HP: 31/31 MP: 5/5
  1648 | D:2      | Mangled by an iguana

Illustrated notes

Levels and vault maps discovered:
D:1:      dpeg_arrival_refuge, layout_loops_ring, corexii_corridor_pit,
          ashenzari_altar_1
D:2:      layout_basic, marbit_many_paths

Skill      XL: |  1  2  3 |
---------------+----------+-----
Fighting       | 3 |  3.2
Short Blades   | 3 |  3.4
Armour         | |  2.6
Dodging        | |  1.3
Stealth        | |  0.2
Invocations    | |  2.2

Action                   |  1- 3 |  4- 6 || total
-------------------------+-------+-------++-------
Melee: Short sword       |   146 |    14 ||   160
  Use: Scroll            |     4 |       ||     4
 Stab: Sleeping          |     2 |       ||     2
Armor: Leather armour    |    36 |       ||    36
       Ring mail         |     3 |     3 ||     6
Dodge: Dodged            |   106 |       ||   106
Block: Kite shield       |    25 |     3 ||    28
